 Dungeon Crawl Stone Soup version 0.28-a0-1435-g82390b3a13 (webtiles) character file.

Game seed: 4260440547786744630

401 sizableburger the Chucker (level 6, 0/62 HPs)
             Began as an Ogre Arcane Marksman on Jan 10, 2022.
             Succumbed to a killer bee's poison
             ... on level 6 of the Dungeon.
             The game lasted 00:08:53 (3222 turns).

sizableburger the Chucker (Ogre Arcane Marksman)    Turns: 3222, Time: 00:08:54

Health: 0/62       AC:  6    Str: 19    XL:     6   Next: 85%
Magic:  7/7        EV:  9    Int: 14    God:
Gold:   66         SH:  0    Dex:  9    Spells: 3/7 levels left

rFire   . . .      SeeInvis .   l - +0 mace
rCold   . . .      Faith    .   (no shield)
rNeg    . . .      Spirit   .   a - +0 robe
rPois   .          Reflect  .   (helmet restricted)
rElec   .          Harm     .   h - +2 cloak
rCorr   .          Rampage  .   (gloves unavailable)
Will    .....                   (boots unavailable)
Stlth   +.........              (no amulet)
HPRegen 0.20/turn               (no ring)
MPRegen 0.10/turn               (no ring)

@: lethally poisoned (0 -> -3)
A: large, unfitting armour, tough skin 1, antennae 1, strong 1
a: no special abilities


You were on level 6 of the Dungeon.
You visited 1 branch of the dungeon, and saw 5 of its levels.

You collected 66 gold pieces.

Inventory:

Hand Weapons
 l - a +0 mace (weapon)
Armour
 a - a +0 robe (worn)
 h - a +2 cloak (worn)
Jewellery
 k - a ring of ice
Wands
 c - a wand of flame (10)
Scrolls
 f - a scroll of fog
Potions
 e - a potion of mutation


   Skills:
 - Level 4.0 Fighting
 + Level 3.2 Maces & Flails
 + Level 4.3 Throwing
 - Level 1.7 Dodging
 - Level 1.2 Spellcasting
 + Level 3.5 Hexes


You had 3 spell levels left.
You knew the following spells:

 Your Spells              Type           Power      Damage    Failure   Level
a - Slow                  Hex            40%        N/A       6%          1
b - Inner Flame           Hex/Fire       5%         N/A       36%         3

Your spell library contained the following spells:

 Spells                   Type           Power      Damage    Failure   Level
 Portal Projectile        Hex/Tloc       10%        N/A       36%         3
 Cause Fear               Hex            5%         N/A       52%         4


Dungeon Overview and Level Annotations

Branches:
Dungeon (7/15)
 Temple: D:4-7

Altars:
Cheibriados
Nemelex Xobeh


Innate Abilities, Weirdness & Mutations

You are too large for most types of armour.
You have tough skin. (AC +1)
You have a pair of small antennae on your head.
Your muscles are strong. (Str +2)


Message History

Okay, then.
Okay, then.
Okay, then.
Okay, then.
Aiming: Throw Flame
Press: ? - help, Shift-Dir - straight line, f - killer bee
Aim: a killer bee (39% to hit)
The puff of flame misses the killer bee.
The killer bee stings you!
Unknown command.
The killer bee buzzes angrily.
You sock the killer bee!
The killer bee is heavily wounded.
The killer bee closely misses you. The killer bee stings you.
You are poisoned.
The killer bee poisons you!
You closely miss the killer bee.
The killer bee is heavily wounded.
You feel very sick. The killer bee misses you. The killer bee stings you.
The orc priest calls down the wrath of Beogh upon you.
Beogh smites you!
The killer bee stings you but does no damage.
You completely miss the killer bee.
The killer bee is heavily wounded.
You feel sick. The killer bee stings you. x2
* * * LOW HITPOINT WARNING * * *
The killer bee stings you.
* * * LOW HITPOINT WARNING * * *
Unknown command.
You miss the killer bee.
The killer bee is heavily wounded.
You feel sick. The killer bee barely misses you. The killer bee stings you!
* * * LOW HITPOINT WARNING * * *
The killer bee barely misses you. The killer bee stings you.
* * * LOW HITPOINT WARNING * * *
The killer bee misses you.
You miss the killer bee.
The killer bee is heavily wounded.
You die...

.######. ...<..# ..
..... #. o... #.# ####
#..### .. #... ##...#
#.## ######.## #...#
#..# #......# #...#
#yy########....###
#...####@............#
#......o...!.........#
#...#####.#######.......
#>..# ... ..........
...... ...# ###....####
####### ..## ###### .<#
..#


You could see 2 killer bees and an orc priest.

Vanquished Creatures
  A black bear (D:6)
  2 killer bees (D:6)
  A howler monkey (D:6)
  A bullfrog skeleton (D:6)
  Natasha (thrice) (D:2 D:1)
  Robin (D:1)
  3 adders
  A worm (D:2)
  A dart slug (D:1)
  3 bats (D:2)
  3 endoplasms
  A giant cockroach (D:1)
  15 goblins
  4 hobgoblins (D:1)
  2 ball pythons (D:1)
  A frilled lizard (D:2)
  4 kobolds
  5 rats
52 creatures vanquished.

Vanquished Creatures (others)
  A butterfly (D:6)
1 creature vanquished.

Grand Total: 53 creatures vanquished

Notes
Turn   | Place    | Note
-------+----------+-------------------------------------------
     0 | D:1      | sizableburger the Ogre Arcane Marksman began the quest for
                  | the Orb.
     0 | D:1      | Reached XP level 1. HP: 19/19 MP: 2/2
   292 | D:1      | Reached XP level 2. HP: 28/28 MP: 1/3
   853 | D:1      | Reached skill level 1 in Maces & Flails
   897 | D:2      | Reached XP level 3. HP: 27/36 MP: 1/4
  1031 | D:2      | Learned a level 3 spell: Inner Flame
  1031 | D:2      | Found a snail-covered altar of Cheibriados.
  1254 | D:2      | Found a faded altar of an unknown god.
  1404 | D:2      | Noticed Natasha
  1414 | D:2      | Killed Natasha
  1415 | D:2      | Reached XP level 4. HP: 13/45 MP: 3/5
  1442 | D:2      | Noticed Natasha
  1458 | D:2      | Killed Natasha
  1615 | D:2      | Noticed Robin
  1757 | D:1      | Killed Robin
  1904 | D:2      | Noticed Natasha
  2094 | D:1      | Killed Natasha
  2095 | D:1      | Reached XP level 5. HP: 30/54 MP: 3/6
  2569 | D:3      | You fall into a shaft and drop 3 floors!
  2578 | D:6      | Found a sparkling altar of Nemelex Xobeh.
  2754 | D:6      | Reached XP level 6. HP: 61/62 MP: 7/7
  2769 | D:6      | Noticed a black bear
  2786 | D:6      | Killed a black bear
  2936 | D:6      | Gained mutation: Your muscles are strong. (Str +2) [potion
                  | of mutation]
  2936 | D:6      | Gained mutation: You have a pair of small antennae on your
                  | head. [potion of mutation]
  3221 | D:6      | HP: 1/62 [killer bee (6)]
  3222 | D:6      | Succumbed to a killer bee's poison

Illustrated notes

Levels and vault maps discovered:
D:1:      sevenhm_arrival_forest_fort_large_4, layout_rooms, minmay_cupped
D:2:      layout_basic, hellmonk_ecumenical_altar_heavens_door, basic_altar,
          skrybe_limestone_x, uniq_natasha, uniq_robin
D:3:      layout_basic, lemuel_doored_altar, minivault_24,
          kennysheep_jessica_study, uniq_crazy_yiuf_cottage, uniq_jessica
D:6:      layout_rooms, nicolae_elyvilon_peaceful_grove,
          nicolae_overflow_crystal_walls, old_standard_altar
D:7:      layout_loops_corners, nicolae_gozag_cash_rules_everything_around_me,
          tso_altar, minmay_temple_entry_wispy,
          gammafunk_ghost_berserking_beasts, uniq_maggie

Skill      XL: |  1  2  3  4  5  6 |
---------------+-------------------+-----
Fighting       | 2 3 4 |  4.0
Maces & Flails | 1 2 3 |  3.2
Throwing       | 3 4 |  4.3
Hexes          | 3 |  3.5
Dodging        | |  1.7
Spellcasting   | |  1.2

Action                   |  1- 3 |  4- 6 || total
-------------------------+-------+-------++-------
Melee: Club              |   123 |    45 ||   168
       Punch             |     1 |     1 ||     2
       Mace              |       |    82 ||    82
Throw: Large rock        |     5 |     9 ||    14
       Throwing net      |       |     5 ||     5
 Cast: Slow              |    18 |    11 ||    29
Evoke: Wand              |       |    10 ||    10
  Use: Scroll            |       |     2 ||     2
       Potion            |       |     3 ||     3
Armor: Robe              |    82 |    75 ||   157
Dodge: Dodged            |    54 |    85 ||   139

Table legend: (Time is in decaauts)
 A = Elapsed time spent in this place.
 B = Non-inter-level travel time spent in this place.
 C = Inter-level travel time spent in this place.
 D = Time resting spent in this place.
 E = Time spent auto-exploring this place.
 F = Levels seen in this place.
 G = Mean time per level.
                   A        B        C        D        E       F      G
               +--------+--------+--------+--------+--------+-----+--------+
         Total |   3303 |   3232 |     71 |   1289 |   1075 |   5 |  660.6 |
       Dungeon |   3303 |   3232 |     71 |   1289 |   1075 |   5 |  660.6 |
               +--------+--------+--------+--------+--------+-----+--------+

Top non-repeatable levels by time:
     D:1: 1418 daAuts
     D:2: 1220 daAuts
     D:6: 417 daAuts
     D:7: 234 daAuts
     D:3: 12 daAuts
